 Dungeon Crawl Stone Soup version 0.18.1-48-g4cf74bf (webtiles) character file.

4530 WarriorsX the Protected (level 10, -5/64 HPs)
             Began as a Human Fighter on Aug 1, 2016.
             Was a Believer of Trog.
             Killed from afar by a wretched star (14 damage)
             ... with an orb of energy
             ... on level 1 of the Abyss.
             The game lasted 00:23:09 (7950 turns).

WarriorsX the Protected (Human Fighter)             Turns: 7950, Time: 00:23:10

Health: -5/64      AC: 19    Str: 16 (17) XL:     10   Next: 66%
Magic:  10/10      EV:  5    Int:  3 (4)  God:    Trog [**....]
Gold:   59         SH:  8    Dex:  8 (10) Spells: 0 memorised, 9 levels left

rFire  . . .     SeeInvis .     a - +0 long sword
rCold  . . .     Gourm    .     p - +0 plate armour
rNeg   + . .     Faith    .     c - +0 shield
rPois  .         Spirit   .     (no helmet)
rElec  .         Dismiss  .     (no cloak)
rCorr  .         Reflect  .     e - +1 pair of gloves
SustAt .         Harm     .     (no boots)
MR     .....     Clarity  +     j - amulet of regeneration
Stlth  ..........               v - ring of positive energy
                                z - +2 ring of evasion

@: exhausted, very slightly contaminated, slowed, very slow, not resistant to
hostile enchantments, extremely unstealthy
A: hooves 1, slimy green scales 1, clarity, clumsy 2, deterioration 2, dopey 2,
frail 2, mutation resistance 1, screaming 3, weak 1, MP-powered wands
a: Berserk, Trog's Hand, Burn Spellbooks, Renounce Religion


You were on level 1 of the Abyss.
You worshipped Trog.
Trog was pleased with you.
You were near starving.

You visited 1 branch of the dungeon, and saw 9 of its levels.
You visited the Abyss 1 time.
You also visited: Sewer.

You collected 80 gold pieces.
You spent 21 gold pieces at shops.

Inventory:

Hand Weapons
 a - a +0 long sword (weapon)
Armour
 c - a +0 shield (worn)
 e - a +1 pair of gloves (worn)
 p - a +0 plate armour (worn)
Jewellery
 j - an amulet of regeneration (around neck)
 o - a +1 ring of evasion
 v - a ring of positive energy (right hand)
 w - an uncursed amulet of guardian spirit {unknown}
 z - a +2 ring of evasion (left hand)
Wands
 t - a wand of disintegration (6/24)
 u - a wand of iceblast (9/15)
 J - a wand of polymorph (6/24)
 L - a wand of lightning (12/15)
Scrolls
 g - 4 scrolls of blinking
 i - 5 scrolls of remove curse
 n - 5 scrolls of identify
 q - 9 scrolls of teleportation
 s - a scroll of amnesia {unknown}
 x - a scroll of fog
 y - a scroll of enchant armour
 C - a scroll of brand weapon {unknown}
 E - 3 scrolls of magic mapping {unknown}
 I - a scroll of vulnerability {unknown}
 M - a scroll of immolation {unknown}
Potions
 d - 2 potions of might
 h - 2 potions of ambrosia
 k - a potion of heal wounds
 l - 7 potions of curing
 m - a potion of degeneration
 A - a potion of lignification
 F - a potion of flight
Books
 N - a book of Unlife

   Spells                             Type                      Level
   a - Recall                         Summoning/Translocation      3
   b - Animate Dead                   Necromancy                   4
   c - Control Undead                 Necromancy                   4
   d - Cigotuvi's Embrace             Necromancy                   5
   e - Death Channel                  Necromancy                   6
   f - Simulacrum                     Ice/Necromancy               6
   Trog disapproves of the use of such an item.
Comestibles
 b - a slice of pizza
 f - 2 bread rations
 B - 6 meat rations


   Skills:
 + Level 8.2 Fighting
 - Level 7.0 Long Blades
 - Level 11.2 Armour
 - Level 3.0 Shields


You had 9 spell levels left.
You didn't know any spells.

Dungeon Overview and Level Annotations

Branches:
Dungeon (9/15)             Temple (0/1) D:6
   Lair: D:8-11         Orc: D:9-12

Altars:
Ashenzari
Elyvilon
Nemelex Xobeh
Okawaru
Trog
Vehumet
Zin

Shops:
D:4 }   D:7 (*

Annotations:
D:8 Maurice


Innate Abilities, Weirdness & Mutations

You have large cloven feet.
You are partially covered in slimy green scales (AC +2).
You possess an exceptional clarity of mind.
You are somewhat resistant to further mutation.
You are weak. (Str -2)
[You are very clumsy. (Dex -4)]
[Your body often deteriorates upon taking damage.]
[You are very dopey. (Int -4)]
[You are very frail (-20% HP).]
[You frequently scream uncontrollably at your foes.]
[You expend magic power (3 MP) to strengthen your wands.]


Message History

The wretched star is moderately damaged.
You barely miss the wretched star.
The wretched star is moderately damaged.
The wretched star pulses with an eldritch light!
You slash the wretched star! Your kick misses the wretched star.
The wretched star is heavily damaged.
A freezing wraith comes into view.
You scream at the freezing wraith!
You barely miss the wretched star.
The wretched star is heavily damaged.
You are no longer berserk.
You are exhausted.
You feel yourself slow down.
You are near starving!
You hit the wretched star but do no damage.
The wretched star is heavily damaged.
The wretched star pulses with an eldritch light!
The wretched star glows turbulently.
The orb of energy hits you!
You die...

. #.. ..$ ..###
.. .
......###.#....
.....∩*@....W..
....#####......
. ..#.. ... ...
.. .


You could see a wretched star and a freezing wraith.

Vanquished Creatures
  A centaur zombie (D:5)
  Joseph (D:7)
  Psyche (D:8)
  Sigmund (D:3)
  Eustachio (D:5)
  A hippogriff (D:9)
  3 sky beasts
  An ice beast (D:7)
  3 phantoms
  2 ogres
  7 centaurs
  Blork the orc (D:5)
  2 big kobolds (Sewer)
  A giant frog (D:8)
  A water moccasin zombie (D:6)
  2 scorpions
  4 howler monkeys
  3 crimson imps
  4 hounds
  A quasit (D:9)
  6 orc priests
  A jelly (D:6)
  A centaur skeleton (D:7)
  An iguana (D:6)
  6 orc wizards
  7 worker ants
  A hound skeleton (D:5)
  4 gnolls (D:9)
  14 adders
  A river rat (Sewer)
  8 oozes
  An adder zombie (D:5)
  8 worms
  4 dart slugs
  5 giant geckos
  20 orcs
  8 giant cockroaches
  6 goblins
  5 hobgoblins
  7 jackals
  15 kobolds
  7 quokkas
  7 ball pythons
  9 bats
  9 giant newts
  11 rats
213 creatures vanquished.

Vanquished Creatures (others)
  A bat (D:3)
1 creature vanquished.

Grand Total: 214 creatures vanquished

Notes
Turn   | Place    | Note
--------------------------------------------------------------
     0 | D:1      | WarriorsX the Human Fighter began the quest for the Orb.
     0 | D:1      | Reached XP level 1. HP: 18/18 MP: 1/1
    56 | D:1      | Reached XP level 2. HP: 23/24 MP: 2/2
   309 | D:1      | Reached XP level 3. HP: 30/30 MP: 3/3
   477 | D:1      | Found a shattered altar of Ashenzari.
   886 | D:2      | Reached XP level 4. HP: 34/37 MP: 4/4
  1295 | D:3      | Found a glowing drain.
  1297 | D:3      | Reached XP level 5. HP: 43/43 MP: 5/5
  1353 | Sewer    | Entered a sewer
  1671 | Sewer    | Noticed a big kobold
  1689 | Sewer    | Killed a big kobold
  1689 | Sewer    | Reached skill level 5 in Fighting
  1689 | Sewer    | Reached XP level 6. HP: 51/51 MP: 6/6
  2267 | D:3      | Found a radiant altar of Vehumet.
  2400 | D:3      | Noticed Sigmund
  2438 | D:3      | Killed Sigmund
  2438 | D:3      | Reached skill level 5 in Long Blades
  2438 | D:3      | Reached XP level 7. HP: 28/58 MP: 7/7
  2709 | D:3      | HP: 2/59 [orc priest/nerve-wracking pain (9)]
  2899 | D:3      | Found an iron altar of Okawaru.
  3439 | D:4      | Found Socwagh's Gadget Shop.
  3692 | D:4      | HP: 2/59 [ogre/giant spiked club (29)]
  3703 | D:4      | Reached XP level 8. HP: 25/65 MP: 8/8
  3992 | D:5      | Entered Level 5 of the Dungeon
  4071 | D:5      | Found a bloodstained altar of Trog.
  4083 | D:5      | Became a worshipper of Trog the Wrathful
  4128 | D:5      | Reached skill level 4 in Armour
  4148 | D:5      | Found a sparkling altar of Nemelex Xobeh.
  4188 | D:5      | Noticed Blork the orc
  4209 | D:5      | Killed Blork the orc
  4214 | D:5      | Reached skill level 5 in Armour
  4231 | D:5      | Noticed Eustachio
  4344 | D:5      | Killed Eustachio
  4463 | D:5      | Found a white marble altar of Elyvilon.
  4509 | D:5      | Reached skill level 6 in Armour
  4542 | D:5      | Reached skill level 7 in Armour
  4542 | D:5      | Reached XP level 9. HP: 59/70 MP: 9/9
  4767 | D:5      | Reached skill level 8 in Armour
  4948 | D:6      | Reached * piety under Trog
  5033 | D:6      | Reached skill level 9 in Armour
  5752 | D:6      | Gained mutation: [Your body sometimes deteriorates upon taking damage.] [mutagenic meat]
  5753 | D:6      | Gained mutation: Your spells are a little easier to cast, but a little less powerful. [mutagenic meat]
  5754 | D:6      | Gained mutation: You are weak. (Str -2) [mutagenic meat]
  5755 | D:6      | Gained mutation: [You are dopey. (Int -2)] [mutagenic meat]
  5756 | D:6      | Gained mutation: You are partially covered in slimy green scales (AC +2). [mutagenic meat]
  5807 | D:6      | Found a staircase to the Ecumenical Temple.
  5889 | D:7      | Found Naopp's Weapon Shop.
  5905 | D:7      | Reached skill level 10 in Armour
  5970 | D:7      | Reached ** piety under Trog
  6156 | D:7      | Found Viumei Veewk's Assorted Antiques.
  6161 | D:7      | Bought a lumpy emerald potion for 21 gold pieces
  6161 | D:7      | Gained mutation: You have large cloven feet. [potion of beneficial mutation]
  6166 | D:7      | Lost mutation: [Your body sometimes deteriorates upon taking damage.] [potion of mutation]
  6226 | D:7      | Reached XP level 10. HP: 64/77 MP: 10/10
  6230 | D:7      | Lost mutation: Your spells are a little easier to cast, but a little less powerful. [mutagenic meat]
  6231 | D:7      | Gained mutation: [You occasionally shout uncontrollably at your foes.] [mutagenic meat]
  6232 | D:7      | Gained mutation: You are somewhat resistant to further mutation. [mutagenic meat]
  6233 | D:7      | Gained mutation: You possess an exceptional clarity of mind. [mutagenic meat]
  6404 | D:7      | Noticed Joseph
  6443 | D:7      | Killed Joseph
  6443 | D:7      | Reached skill level 11 in Armour
  6761 | D:8      | Noticed Maurice
  7000 | D:8      | Noticed Psyche
  7098 | D:8      | Found a glowing silver altar of Zin.
  7361 | D:8      | Paralysed by fainting for 11 turns
  7372 | D:8      | Paralysed by fainting for 11 turns
  7396 | D:8      | Paralysed by fainting for 6 turns
  7418 | D:8      | Killed Psyche
  7862 | D:9      | Cast into level 1 of the Abyss (kobold)
  7908 | Abyss:1  | Noticed a wretched star
  7949 | Abyss:1  | Noticed a freezing wraith
  7950 | Abyss:1  | Killed from afar by a wretched star

Skill      XL: |  1  2  3  4  5  6  7  8  9 10 |
---------------+-------------------------------+-----
Fighting       | 4 5 6 8 |  8.2
Long Blades    | 3 4 5 6 7 |  7.0
Armour         | 7 10 11 | 11.2
Shields        | |  3.0

Action                   |  1- 3 |  4- 6 |  7- 9 | 10-12 || total
-------------------------+-------+-------+-------+-------++-------
Melee: Long sword        |    90 |   380 |   619 |   356 ||  1445
       Kick              |       |       |     1 |    80 ||    81
Invok: Berserk           |       |       |     3 |     6 ||     9
Evoke: Wand              |       |     1 |     3 |       ||     4
  Use: Scroll            |       |     6 |     2 |       ||     8
       Potion            |       |       |     8 |     3 ||    11
  Eat: Chunk             |       |     6 |    22 |    13 ||    41
       Royal jelly       |       |       |       |     1 ||     1
       Pizza             |       |       |       |     1 ||     1
Armor: Scale mail        |    47 |   175 |       |       ||   222
       Plate armour      |       |     9 |   521 |   257 ||   787
       Skin              |       |       |       |     2 ||     2
Dodge: Dodged            |    33 |    91 |   128 |    51 ||   303
Block: Shield            |    45 |   200 |   312 |   172 ||   729
